 Dungeon Crawl Stone Soup version 0.30-a0-223-gcb0039aa0c (webtiles) character file.

Game seed: 4457554679456786309

7340 qw the Cleaver (level 11, -2/68 HPs)
             Began as a Gargoyle Fighter on Oct 9, 2022.
             Was a Believer of Okawaru.
             Slain by Snorg (3 damage)
             ... on level 10 of the Dungeon.
             The game lasted 00:03:30 (8246 turns).

qw the Cleaver (Gargoyle Fighter)                   Turns: 8246, Time: 00:03:30

Health: -2/68      AC: 31    Str: 24    XL:     11   Next: 13%
Magic:  13/14      EV:  9    Int:  9    God:    Okawaru [**....]
Gold:   240        SH: 18    Dex: 12    Spells: 10/10 levels left

rFire   . . .      SeeInvis .    v - +0 broad axe (flame)
rCold   . . .      Faith    .    g - +0 kite shield
rNeg    + . .      Spirit   .    s - +0 plate armour
rPois   inf        Reflect  +    k - +0 helmet
rElec   +          Harm     .    t - +2 cloak {Will+}
rCorr   .          Rampage  .    r - +0 pair of gloves {Dex+3}
Will    ++...                    m - +0 pair of boots
Stlth   ..........               f - amulet of reflection
HPRegen 0.31/turn                c - ring of willpower
MPRegen 0.14/turn                (no ring)

@: about to teleport, heroic
A: sickness immunity, AC +8, negative energy resistance 1, electricity
resistance, torment resistance 1, petrification resistance
a: Renounce Religion, Heroism


You were on level 10 of the Dungeon.
You worshipped Okawaru.
Okawaru was pleased with you.
You visited 2 branches of the dungeon, and saw 12 of its levels.

You collected 1030 gold pieces.
You spent 790 gold pieces at shops.


Innate Abilities, Weirdness & Mutations

You are immune to sickness and miasma.
Your stone body is resilient. (AC +8)
You are immune to poison.
You resist negative energy. (rN+)
You are resistant to electric shocks. (rElec)
You are resistant to unholy torment.
You are immune to petrification.


   Skills:
 + Level 7.9(12.9) Fighting
 - Level 10.0(15.0) Axes
 - Level 1.6(6.6) Throwing
 - Level 7.1(12.1) Armour
 - Level 2.0(7.0) Dodging
 - Level 9.6(14.6) Shields
 - Level 4.2 Invocations


You had 10 spell levels left.
You didn't know any spells.
Your spell library was empty.

Inventory:

Hand Weapons
 v - a +0 broad axe of flaming (weapon)
Missiles
 j - 2 boomerangs (quivered)
Armour
 g - a +0 kite shield (worn)
 k - a +0 helmet (worn)
 m - a +0 pair of boots (worn)
 r - a +0 pair of gloves of dexterity (worn)
 s - a +0 plate armour (worn)
 t - a +2 cloak of willpower (worn)
 u - a +4 scale mail of cold resistance
 w - +0 acid dragon scales
Jewellery
 c - a ring of willpower (left hand)
 f - an amulet of reflection (around neck)
Scrolls
 b - 2 scrolls of identify
 i - 5 scrolls of teleportation
Potions
 a - a potion of attraction
 d - 3 potions of might
 h - a potion of lignification
 l - a potion of haste
 n - a potion of cancellation
 o - a potion of resistance
 p - 3 potions of curing

Dungeon Overview and Level Annotations

Branches:
Dungeon (11/15)            Temple (1/1) D:7
   Lair: D:8-11         Orc: D:9-12

Altars:
Ashenzari
Cheibriados
Dithmenos
Elyvilon
Fedhas
Gozag
Hepliaklqana
Kikubaaqudgha
Makhleb
Nemelex Xobeh
Okawaru
Qazlal
Ru
Sif Muna
Trog
Uskayaw
Vehumet
Wu Jian
Xom
Yredelemnul
Zin
The Shining One

Shops:
D:6 [   D:7 *

Annotations:
D:10 Snorg


Message History

You gain the combat prowess of a mighty hero.
Snorg goes berserk!
You block Snorg's attack. x2; Snorg closely misses you.
You slash Snorg! You burn Snorg.
Snorg is lightly wounded.
Snorg bites you. You block Snorg's attack. Snorg claws you but does no damage.
You barely miss Snorg.
Snorg is lightly wounded.
Snorg bites you. You block Snorg's attack. Snorg claws you but does no damage.
You slash Snorg! You burn Snorg.
Snorg is moderately wounded.
Snorg bites you but does no damage. You block Snorg's attack. Snorg claws you.
You block Snorg's attack. Snorg claws you but does no damage.
Snorg closely misses you.
You hit Snorg. You burn Snorg.
Snorg is moderately wounded.
You block Snorg's attack. Snorg completely misses you. Snorg claws you!
You slash Snorg! You burn Snorg.
Snorg is moderately wounded.
You block Snorg's attack. x2; Snorg barely misses you.
You block Snorg's attack. Snorg claws you! Snorg claws you.
You hit Snorg but do no damage.
Snorg is moderately wounded.
Snorg bites you!! You block Snorg's attack. x2
8243 ||| READING 6 scrolls of teleportation.
As you read the scroll of teleportation, it crumbles to dust.
You feel strangely unstable. Snorg bites you! You block Snorg's attack.
Snorg closely misses you. Snorg bites you but does no damage.
Snorg claws you but does no damage. x2
You barely miss Snorg.
Snorg is moderately wounded.
You block Snorg's attack. Snorg claws you but does no damage.
You block Snorg's attack.
You hit Snorg. You burn Snorg.
Snorg is moderately wounded.
You block Snorg's attack. Snorg claws you. Snorg claws you but does no damage.
You slice Snorg!! You burn Snorg.
Snorg is heavily wounded.
You block Snorg's attack. x3; Snorg bites you.
You die...

..# #.# ###... ..# #.#
##..... #.# #.# #......
#####.###.###......
#.....##...##.##... #.
#..#............ #.
#..........##...
#.###.###.###.######..#
#.....@...# #.# #..#
###.#T##.## #.# #..# #.
#.# #+# #... #. #.#
#.## .. #.# #.## ## #.#
#.## #.. #... ... +....
... ####.


You could see Snorg (berserk).

Vanquished Creatures
  4 two-headed ogres
  Maggie (D:9)
  An unseen horror (D:11)
  Grinder (D:4)
  2 wyverns
  A steam dragon (D:9)
  An acid dragon (D:9)
  2 water moccasins (D:7)
  Pargi (D:4)
  3 orc warriors
  A black bear (D:4)
  2 ogres
  An ice beast (D:6)
  3 centaurs
  3 phantoms
  4 bullfrogs
  2 gnoll sergeants
  A necrophage (D:6)
  6 scorpions
  7 wights
  2 howler monkeys (D:8)
  8 hounds
  2 orc priests (D:9)
  3 jellies
  3 gnoll boudas
  An iguana (D:5)
  Natasha (D:2)
  7 orc wizards
  21 gnolls
  12 adders
  A shadow imp (D:8)
  A white imp (D:5)
  2 ufetubi
  2 worms
  A dart slug (D:5)
  29 orcs
  9 ball pythons
  3 endoplasms
  2 giant cockroaches
  8 goblins
  2 hobgoblins (D:4)
  5 jackals
  9 kobolds
  4 quokkas
  4 bats
  5 frilled lizards
  2 rats (D:1)
  A butterfly (D:7)
197 creatures vanquished.

Notes
Turn   | Place    | Note
-------+----------+-------------------------------------------
     0 | D:1      | qw the Gargoyle Fighter began the quest for the Orb.
     0 | D:1      | Reached XP level 1. HP: 14/14 MP: 1/1
     0 | D:1      | 0 ||| qw: Version: 0.2-a-17-g06abaee
     0 | D:1      | 0 ||| qw: Game counter: 2216
     0 | D:1      | 0 ||| qw: Always use a shield: true
     0 | D:1      | 0 ||| qw: God list: Okawaru
     0 | D:1      | 0 ||| qw: Allow faded altars: false
     0 | D:1      | 0 ||| qw: Do Orc after D:15 true
     0 | D:1      | 0 ||| qw: Do second Lair branch before Depths: true
     0 | D:1      | 0 ||| qw: Lair rune preference: random
     0 | D:1      | 0 ||| qw: Plans: Normal, Zot:1-4, God:TSO, Crypt, Tomb,
                  | Pan, Slime:5, Hells, Abyss, Orb
     0 | D:1      | 0 ||| PLANNING D:1-11
    68 | D:1      | Reached skill level 2 in Axes
   443 | D:1      | Reached XP level 2. HP: 19/19 MP: 2/2
   707 | D:1      | 707 ||| UPGRADING to +0 helmet.
   712 | D:1      | 712 ||| UPGRADING to +0 pair of boots.
   717 | D:1      | 717 ||| READING scroll labelled ETI SEL DUE.
   718 | D:1      | 718 ||| READING scroll labelled OPTAIG ODAXKE.
   719 | D:1      | 719 ||| READING scroll labelled WETSEVA QEXEAQ.
   720 | D:1      | 720 ||| READING 2 scrolls labelled ERPHIXZ BAMUEFUKU.
   743 | D:2      | 743 ||| Stepping ~*~*~tactically~*~*~ (stealth).
   783 | D:2      | 783 ||| Stepping ~*~*~tactically~*~*~ (stealth).
   800 | D:2      | Reached skill level 3 in Axes
   800 | D:2      | Reached XP level 3. HP: 21/23 MP: 3/3
   972 | D:2      | 972 ||| Stepping ~*~*~tactically~*~*~ (stealth).
   973 | D:2      | 973 ||| Stepping ~*~*~tactically~*~*~ (stealth).
   974 | D:2      | 974 ||| Stepping ~*~*~tactically~*~*~ (stealth).
  1045 | D:2      | Reached XP level 4. HP: 26/28 MP: 4/4
  1079 | D:2      | Noticed Natasha
  1084 | D:2      | Killed Natasha
  1085 | D:2      | Reached skill level 4 in Axes
  1126 | D:2      | Found a white marble altar of Elyvilon.
  1295 | D:2      | 1295 ||| UPGRADING to +0 kite shield.
  1305 | D:2      | 1305 ||| DROPPING +0 buckler.
  1306 | D:2      | 1306 ||| READING scroll labelled WIT KOBREKYQ.
  1307 | D:2      | 1307 ||| READING scroll labelled IRGHEZ SYDISMEU.
  1308 | D:2      | 1308 ||| DRINKING 2 glowing sapphire potions.
  1309 | D:2      | 1309 ||| DRINKING 2 fizzy grey potions.
  1536 | D:3      | Found a faded altar of an unknown god.
  1562 | D:3      | 1562 ||| UPGRADING to amulet of guardian spirit.
  1568 | D:3      | 1568 ||| Stepping randomly (stuck).
  1569 | D:3      | 1569 ||| Stepping randomly (stuck).
  1570 | D:3      | 1570 ||| Stepping randomly (stuck).
  1571 | D:3      | 1571 ||| Stepping randomly (stuck).
  1572 | D:3      | 1572 ||| Stepping randomly (stuck).
  1573 | D:3      | 1573 ||| Stepping randomly (stuck).
  1574 | D:3      | 1574 ||| Stepping randomly (stuck).
  1594 | D:3      | Reached XP level 5. HP: 32/32 MP: 5/5
  1837 | D:3      | Identified the +3 leather armour of the Pink Corner {Will+}
  2033 | D:3      | 2033 ||| DROPPING +0 whip.
  2195 | D:3      | 2195 ||| DROPPING +3 leather armour of the Pink Corner
                  | {Will+}.
  2196 | D:3      | 2196 ||| DROPPING +6 ring of intelligence.
  2197 | D:3      | 2197 ||| READING scroll labelled BOPYAX LONOCACW.
  2198 | D:3      | 2198 ||| READING scroll labelled SAPHOTA LAIRU.
  2284 | D:4      | Found a radiant altar of Vehumet.
  2287 | D:4      | Noticed Grinder
  2288 | D:4      | 2288 ||| Stepping ~*~*~tactically~*~*~ (hiding).
  2289 | D:4      | 2289 ||| Stepping ~*~*~tactically~*~*~ (hiding).
  2302 | D:4      | 2302 ||| Stepping ~*~*~tactically~*~*~ (hiding).
  2322 | D:4      | Paralysed by Grinder for 5 turns
  2329 | D:4      | Paralysed by Grinder for 5 turns
  2335 | D:4      | Killed Grinder
  2336 | D:4      | Reached skill level 6 in Shields
  2336 | D:4      | Reached XP level 6. HP: 19/37 MP: 3/6
  2442 | D:4      | Reached XP level 7. HP: 39/41 MP: 7/7
  2482 | D:4      | Reached skill level 5 in Axes
  2523 | D:4      | 2523 ||| Stepping ~*~*~tactically~*~*~ (stealth).
  2528 | D:4      | 2528 ||| Stepping ~*~*~tactically~*~*~ (hiding).
  2537 | D:4      | 2537 ||| DRINKING 2 potions of curing.
  2537 | D:4      | 2537 ||| (to cure confusion)
  2717 | D:4      | Noticed Pargi
  2736 | D:4      | Killed Pargi
  2878 | D:4      | 2878 ||| Stepping ~*~*~tactically~*~*~ (stealth).
  2882 | D:4      | 2882 ||| Stepping ~*~*~tactically~*~*~ (stealth).
  2894 | D:4      | Reached skill level 1 in Dodging
  2903 | D:4      | 2903 ||| Stepping ~*~*~tactically~*~*~ (stealth).
  2927 | D:4      | 2927 ||| Stepping ~*~*~tactically~*~*~ (stealth).
  3102 | D:4      | 3102 ||| UPGRADING to +0 chain mail.
  3112 | D:4      | 3112 ||| DROPPING +0 scale mail.
  3113 | D:4      | 3113 ||| UPGRADING to +0 cloak.
  3118 | D:4      | 3118 ||| READING scroll labelled UMANIM JOPP.
  3147 | D:4      | 3147 ||| DRINKING 2 bubbling amethyst potions.
  3156 | D:5      | Entered Level 5 of the Dungeon
  3163 | D:5      | Reached XP level 8. HP: 48/48 MP: 8/8
  3286 | D:5      | Found a white marble altar of Elyvilon.
  3328 | D:5      | 3328 ||| Stepping ~*~*~tactically~*~*~ (stealth).
  3329 | D:5      | 3329 ||| Stepping ~*~*~tactically~*~*~ (stealth).
  3333 | D:5      | 3333 ||| Stepping ~*~*~tactically~*~*~ (hiding).
  3336 | D:5      | 3336 ||| Stepping ~*~*~tactically~*~*~ (hiding).
  3337 | D:5      | 3337 ||| Stepping ~*~*~tactically~*~*~ (stealth).
  3338 | D:5      | 3338 ||| Stepping ~*~*~tactically~*~*~ (stealth).
  3339 | D:5      | 3339 ||| Stepping ~*~*~tactically~*~*~ (stealth).
  3392 | D:5      | Reached skill level 6 in Axes
  3458 | D:5      | 3458 ||| Stepping ~*~*~tactically~*~*~ (hiding).
  3460 | D:5      | 3460 ||| Stepping ~*~*~tactically~*~*~ (hiding).
  3542 | D:5      | 3542 ||| Stepping ~*~*~tactically~*~*~ (stealth).
  3656 | D:5      | Reached skill level 7 in Axes
  3858 | D:5      | 3858 ||| Stepping ~*~*~tactically~*~*~ (stealth).
  4031 | D:5      | 4031 ||| READING scroll labelled ILANNO IZAU.
  4031 | D:5      | Identified a scroll of acquirement
  4031 | D:5      | 4031 ||| ACQUIRING 507 gold pieces
  4031 | D:5      | Acquired 507 gold pieces
  4033 | D:5      | 4033 ||| READING scroll labelled RUQIKU HEGGAENI.
  4034 | D:5      | 4034 ||| READING scroll labelled NITINUO VISHA.
  4035 | D:5      | 4035 ||| DRINKING 2 fizzy orange potions.
  4036 | D:5      | 4036 ||| DROPPING potion of degeneration.
  4073 | D:6      | 4073 ||| Stepping ~*~*~tactically~*~*~ (stealth).
  4164 | D:6      | Found Dasofed's Antique Armour Emporium.
  4167 | D:6      | 4167 ||| BUYING glowing cloak (187 gold).
  4167 | D:6      | Bought a glowing cloak for 187 gold pieces
  4167 | D:6      | 4167 ||| BUYING glowing scale mail (175 gold).
  4167 | D:6      | Bought a glowing scale mail for 175 gold pieces
  4167 | D:6      | 4167 ||| SHOPLISTING plate armour (575 gold, have 398).
  4167 | D:6      | 4167 ||| BUYING runed ring mail (175 gold).
  4167 | D:6      | Bought a runed ring mail for 175 gold pieces
  4177 | D:6      | Found a sacrificial altar of Ru.
  4240 | D:6      | Reached skill level 1 in Throwing
  4285 | D:6      | Reached XP level 9. HP: 51/54 MP: 9/9
  4423 | D:6      | 4423 ||| UPGRADING to +2 cloak of willpower.
  4434 | D:6      | 4434 ||| UPGRADING to +2 cloak of willpower.
  4444 | D:6      | 4444 ||| DROPPING +0 cloak.
  4445 | D:6      | 4445 ||| UPGRADING to +4 scale mail of cold resistance.
  4455 | D:6      | 4455 ||| DROPPING +0 chain mail.
  4456 | D:6      | 4456 ||| DROPPING +0 ring mail of poison resistance.
  4499 | D:6      | Reached skill level 8 in Axes
  4589 | D:6      | 4589 ||| READING scroll labelled CAOHAH GUTOR.
  4590 | D:6      | 4590 ||| DRINKING 4 orange potions.
  4591 | D:6      | 4591 ||| DROPPING 3 potions of brilliance.
  4612 | D:7      | Found Docyush's General Store.
  4613 | D:7      | 4613 ||| STAIRDANCE
  4621 | D:7      | 4621 ||| STAIRDANCE
  4626 | D:6      | 4626 ||| DROPPING +0 flail.
  4630 | D:7      | 4630 ||| STAIRDANCE
  4650 | D:7      | 4650 ||| BUYING +0 broad axe (52 gold).
  4650 | D:7      | Bought a +0 broad axe for 52 gold pieces
  4650 | D:7      | 4650 ||| BUYING +0 pair of gloves of dexterity (149 gold).
  4650 | D:7      | Bought a +0 pair of gloves of dexterity for 149 gold pieces
  4650 | D:7      | 4650 ||| BUYING scroll of identify (26 gold).
  4650 | D:7      | Bought a scroll of identify for 26 gold pieces
  4650 | D:7      | 4650 ||| BUYING scroll of identify (26 gold).
  4650 | D:7      | Bought a scroll of identify for 26 gold pieces
  4650 | D:7      | 4650 ||| SHOPLISTING scroll of teleportation (39 gold, have
                  | 7).
  4650 | D:7      | 4650 ||| SWAPPING to +0 broad axe.
  4651 | D:7      | 4651 ||| DROPPING +0 war axe of protection.
  4687 | D:7      | Reached skill level 6 in Fighting
  4703 | D:7      | Found a staircase to the Ecumenical Temple.
  4704 | D:7      | 4704 ||| PLANNING TEMPLE
  4724 | D:7      | 4724 ||| FLEEEEING.
  4725 | D:7      | 4725 ||| Stepping ~*~*~tactically~*~*~ (stealth).
  4726 | D:7      | 4726 ||| Stepping ~*~*~tactically~*~*~ (stealth).
  4727 | D:7      | 4727 ||| Stepping ~*~*~tactically~*~*~ (stealth).
  4732 | D:7      | 4732 ||| Stepping ~*~*~tactically~*~*~ (stealth).
  4735 | D:7      | 4735 ||| Stepping ~*~*~tactically~*~*~ (stealth).
  4738 | D:7      | 4738 ||| Stepping ~*~*~tactically~*~*~ (stealth).
  4740 | D:7      | 4740 ||| Stepping ~*~*~tactically~*~*~ (stealth).
  4741 | D:7      | 4741 ||| Stepping ~*~*~tactically~*~*~ (stealth).
  4743 | D:7      | 4743 ||| Stepping ~*~*~tactically~*~*~ (hiding).
  4833 | D:7      | 4833 ||| UPGRADING to +0 pair of gloves of dexterity.
  4838 | D:7      | 4838 ||| READING 3 scrolls of identify.
  4838 | D:7      | 4838 ||| IDENTIFYING bubbling silvery potion
  4839 | D:7      | 4839 ||| READING 2 scrolls of identify.
  4839 | D:7      | 4839 ||| IDENTIFYING dark potion
  4840 | D:7      | 4840 ||| DROPPING potion of flight.
  4849 | Temple   | Entered the Ecumenical Temple
  4850 | Temple   | 4850 ||| PLANNING OKAWARU WORSHIP
  4856 | Temple   | Became a worshipper of Warmaster Okawaru
  4857 | Temple   | 4857 ||| PLANNING D:1-11
  4857 | Temple   | 4857 ||| REMOVING amulet of guardian spirit.
  4862 | Temple   | 4862 ||| DROPPING amulet of guardian spirit.
  5352 | D:7      | 5352 ||| UPGRADING to ring of willpower.
  5353 | D:7      | 5353 ||| READING scroll labelled JITE GOMNIBRU.
  5354 | D:7      | 5354 ||| DRINKING 2 golden potions.
  5355 | D:7      | 5355 ||| READING 2 scrolls of identify.
  5355 | D:7      | 5355 ||| IDENTIFYING fizzy dark potion
  5517 | D:8      | Reached * piety under Okawaru
  5518 | D:8      | Reached skill level 9 in Axes
  5518 | D:8      | 5518 ||| INVOKING Heroism.
  5654 | D:8      | Found a broken altar of Ashenzari.
  5865 | D:8      | Identified the +4 triple sword of Light {chaos, Int+4}
  6076 | D:8      | 6076 ||| Stepping ~*~*~tactically~*~*~ (hiding).
  6082 | D:8      | Reached skill level 1 in Invocations
  6258 | D:8      | Reached XP level 10. HP: 63/63 MP: 10/10
  6457 | D:8      | You fall into a shaft and drop 3 floors!
  6463 | D:11     | 6463 ||| INVOKING Heroism.
  6522 | D:11     | 6522 ||| UPGRADING to +0 plate armour.
  6540 | D:11     | Killed an unseen horror
  6541 | D:11     | Reached skill level 3 in Invocations
  6560 | D:11     | 6560 ||| UPGRADING to +0 plate armour.
  6577 | D:10     | Entered Level 10 of the Dungeon
  6578 | D:10     | 6578 ||| INVOKING Heroism.
  6578 | D:10     | Noticed a two-headed ogre
  6586 | D:10     | Killed a two-headed ogre
  6731 | D:10     | 6731 ||| DROPPING +1 flail of holy wrath.
  6757 | D:9      | 6757 ||| INVOKING Heroism.
  6767 | D:9      | Noticed Maggie
  6768 | D:9      | Reached ** piety under Okawaru
  6777 | D:9      | Reached skill level 6 in Armour
  6778 | D:9      | Killed Maggie
  6793 | D:9      | 6793 ||| DROPPING +3 flail.
  6797 | D:9      | 6797 ||| SWAPPING to +0 broad axe of flaming.
  6798 | D:9      | 6798 ||| DROPPING +1 vampiric whip.
  6799 | D:9      | 6799 ||| DROPPING +0 broad axe.
  7097 | D:9      | 7097 ||| Stepping ~*~*~tactically~*~*~ (hiding).
  7102 | D:9      | 7102 ||| INVOKING Heroism.
  7281 | D:9      | Noticed a two-headed ogre
  7282 | D:9      | 7282 ||| INVOKING Heroism.
  7291 | D:9      | Killed a two-headed ogre
  7292 | D:9      | Reached skill level 9 in Shields
  7354 | D:9      | Noticed a two-headed ogre
  7355 | D:9      | 7355 ||| INVOKING Heroism.
  7367 | D:9      | HP: 10/63 [two-headed ogre/+0 giant club (9)]
  7368 | D:9      | 7368 ||| READING 7 scrolls of teleportation.
  7369 | D:9      | 7369 ||| DRINKING potion of heal wounds.
  7370 | D:9      | Killed a two-headed ogre
  7522 | D:9      | Reached XP level 11. HP: 58/67 MP: 14/14
  7721 | D:9      | 7721 ||| INVOKING Heroism.
  7775 | D:9      | 7775 ||| Stepping ~*~*~tactically~*~*~ (stealth).
  7778 | D:9      | 7778 ||| Stepping ~*~*~tactically~*~*~ (hiding).
  7779 | D:9      | 7779 ||| Stepping ~*~*~tactically~*~*~ (hiding).
  7780 | D:9      | 7780 ||| Stepping ~*~*~tactically~*~*~ (hiding).
  7973 | D:9      | 7973 ||| UPGRADING to amulet of reflection.
  7978 | D:9      | 7978 ||| READING 4 scrolls of identify.
  7978 | D:9      | 7978 ||| IDENTIFYING smoky purple potion
  7979 | D:9      | 7979 ||| READING 3 scrolls of identify.
  7979 | D:9      | 7979 ||| IDENTIFYING fuming inky potion
  7980 | D:9      | 7980 ||| DROPPING potion of berserk rage.
  8019 | D:10     | 8019 ||| Stepping ~*~*~tactically~*~*~ (hiding).
  8024 | D:10     | 8024 ||| INVOKING Heroism.
  8025 | D:10     | 8025 ||| Stepping ~*~*~tactically~*~*~ (cloud).
  8026 | D:10     | Noticed a two-headed ogre
  8026 | D:10     | 8026 ||| STAIRDANCE
  8034 | D:9      | Reached skill level 10 in Axes
  8046 | D:10     | Killed a two-headed ogre
  8234 | D:10     | Noticed Snorg
  8235 | D:10     | 8235 ||| INVOKING Heroism.
  8242 | D:10     | HP: 14/68 [Snorg (20)]
  8243 | D:10     | 8243 ||| READING 6 scrolls of teleportation.
  8243 | D:10     | HP: 1/68 [Snorg (13)]
  8246 | D:10     | Slain by Snorg

Levels and vault maps discovered:
D:1:      dpeg_arrival_yet_another_circle, layout_loops_cross, serial_rivers,
          chequers_serial_rivers_micro_e, chequers_serial_rivers_room_a,
          chequers_serial_rivers_small_3, chequers_serial_rivers_small_3
D:2:      layout_basic, basic_altar, minmay_increasing_density, uniq_natasha
D:3:      layout_basic, nicolae_ecumenical_pavilion,
          nicolae_figureground_sparkle
D:4:      minmay_evil_eye, layout_basic, nicolae_overflow_crystal_walls,
          nicolae_elevator_lobby_plus, uniq_pargi, uniq_grinder
D:5:      layout_basic, general_overflow_altar
D:6:      layout_cave_pools, nicolae_ru_awakened_eye, serial_shops,
          kennysheep_mini_moat, hangedman_decor_diamond_cutter,
          kennysheep_crisscross
D:7:      layout_rooms, minmay_temple_entry_butterflies, serial_shops,
          nicolae_shop_statue_plus, ldierk_geyser
D:8:      layout_basic, ashenzari_conservatory_becter
D:9:      nicolae_BIG_FREAKIN_CUBE, layout_long_grid, uniq_maggie
D:10:     layout_loops_corners, hangedman_ranch, uniq_snorg
D:11:     layout_roguey [special_room_orc], david_lair_generic,
          hiddenorc2_lemuel, special_room [special_room_bee]
Temple:   nicolae_temple_no_exploring_needed

Skill      XL: |  1  2  3  4  5  6  7  8  9 10 11 |
---------------+----------------------------------+-----
Axes           | 2 3 4 5 7 9 10 | 10.0
Shields        | 6 7 8 9 |  9.6
Fighting       | 4 5 7 |  7.9
Dodging        | 1 2 |  2.0
Armour         | 4 7 |  7.1
Throwing       | 1 |  1.6
Invocations    | 1 4 |  4.2

Action                   |  1- 3 |  4- 6 |  7- 9 | 10-12 || total
-------------------------+-------+-------+-------+-------++-------
Melee: War axe           |    92 |    96 |   297 |       ||   485
       Broad axe         |       |       |   121 |   134 ||   255
Throw: Boomerang         |    27 |    30 |    67 |     5 ||   129
Invok: Heroism           |       |       |     1 |     9 ||    10
  Use: Scroll            |     4 |     4 |     9 |     4 ||    21
       Potion            |       |     2 |     5 |     1 ||     8
Armor: Scale mail        |    47 |    65 |   186 |    17 ||   315
       Chain mail        |       |       |   133 |       ||   133
       Plate armour      |       |       |       |    58 ||    58
Dodge: Dodged            |    53 |    22 |   155 |    47 ||   277
Block: Buckler           |    18 |     1 |       |       ||    19
       Kite shield       |       |    31 |   249 |   110 ||   390

Table legend:
 A = Non-vault XP
 B = Vault XP
 C = Vault XP percentage of total XP
 D = Non-vault monster count
 E = Vault monster count
 F = Vault count percentage of total count
                 A         B        C        D         E       F
            +---------+---------+-------+---------+---------+-------
      Total |    9419 |    1068 |  10.2 |     180 |      16 |   8.2
            +---------+---------+-------+---------+---------+-------
        D:1 |      15 |       0 |   0.0 |      11 |       0 |   0.0
        D:2 |      48 |      68 |  58.6 |      15 |       7 |  31.8
        D:3 |      54 |       0 |   0.0 |      16 |       0 |   0.0
        D:4 |     388 |     576 |  59.8 |      21 |       8 |  27.6
        D:5 |     776 |       0 |   0.0 |      22 |       0 |   0.0
        D:6 |     898 |       0 |   0.0 |      21 |       0 |   0.0
        D:7 |     778 |       0 |   0.0 |      14 |       0 |   0.0
        D:8 |    1168 |       0 |   0.0 |      25 |       0 |   0.0
        D:9 |    2894 |     424 |  12.8 |      22 |       1 |   4.3
       D:10 |    1811 |       0 |   0.0 |       8 |       0 |   0.0
       D:11 |     589 |       0 |   0.0 |       5 |       0 |   0.0
            +---------+---------+-------+---------+---------+-------
